 Dungeon Crawl Stone Soup version 0.31-a0-152-g6aa68a64a1 (webtiles) character file.

Game seed: 15437309058765429769

105 promet the Magician (level 4, -5/24 HPs)
             Began as a Deep Elf Hedge Wizard on June 9, 2023.
             Slain by Terence
             ... wielding a +0 falchion of distortion
              (13 damage)
             ... on level 3 of the Dungeon.
             The game lasted 00:24:59 (5091 turns).

promet the Magician (Deep Elf Hedge Wizard)         Turns: 5091, Time: 00:25:02

Health: -5/24      AC:  3    Str:  7    XL:     4   Next: 53%
Magic:  10/13      EV: 13    Int: 21    God:
Gold:   106        SH:  0    Dex: 14    Spells: 8/14 levels left

rFire   . . .        a - +3 dagger
rCold   . . .        (no shield)
rNeg    . . .        b - +0 robe
rPois   .            c - +0 hat
rElec   .            (no cloak)
rCorr   .            k - +0 pair of gloves
SInv    .            (no boots)
Will    .....        (no amulet)
Stlth   ++           (no ring)
HPRegen 0.24/turn    (no ring)
MPRegen 0.13/turn

%: no passive effects
@: no status effects
A: no striking features
a: no special abilities


You were on level 3 of the Dungeon.
You visited 1 branch of the dungeon, and saw 3 of its levels.

You collected 106 gold pieces.

Inventory:

Hand Weapons
 a - a +3 dagger (weapon)
 q - a +0 dagger of speed
Missiles
 e - 21 stones
 o - 4 javelins
Armour
 b - a +0 robe (worn)
 c - a +0 hat (worn)
 k - a +0 pair of gloves (worn)
Magical Staves
 p - a staff of air
Scrolls
 j - a scroll of enchant weapon
 m - 4 scrolls of identify
Potions
 d - 2 potions of magic
 f - a potion of heal wounds
 g - a potion of brilliance {unknown}
 h - a potion of berserk rage {unknown}
 i - a potion of resistance {unknown}
 l - a potion of degeneration {unknown}
 n - a potion of haste {unknown}


   Skills:
 + Level 0.6 Short Blades
 + Level 3.0 Dodging
 + Level 3.1 Stealth
 + Level 5.8 Spellcasting
 + Level 2.2 Conjurations
 + Level 1.3 Summonings
 + Level 1.1 Translocations
 * Level 1.0 Evocations


You had 8 spell levels left.
You knew the following spells:

 Your Spells              Type           Power      Damage    Failure   Level
a - Magic Dart            Conj           60%        1d6       4%          1
b - Slow                  Hex            24%        N/A       10%         1
c - Blink                 Tloc           20%        N/A       10%         2
d - Call Imp              Summ           22%        N/A       9%          2

Your spell library contained the following spells:

 Spells                   Type           Power      Damage    Failure   Level
 Cigotuvi's Dreadful Rot  Necr/Pois/Air  12%        N/A       16%         2
 Mephitic Cloud           Conj/Pois/Air  9%         N/A       22%         3
 Malign Gateway           Summ/Tloc      5%         N/A       100%        7
 Summon Horrible Things   Summ           5%         N/A       100%        8


Dungeon Overview and Level Annotations

Branches:
Dungeon (3/15)

Altars:

Annotations:
D:3 Terence


Message History

The phantom closely misses your cerulean imp.
Your magical contamination has completely faded away.
Your cerulean imp misses the phantom.
The phantom hits your cerulean imp.
You open the door.
Your cerulean imp hits the phantom with a -3 spear.
Your cerulean imp hits the phantom but does no damage.
There is an open door here.
Your cerulean imp closely misses the phantom.
As you close the door, it creaks loudly!
A phantom opens the door.
Hit: a) +3 dagger
Press: ? - help, Dir - move target, f - you, p - phantom
Okay, then.
Your cerulean imp hits the phantom from afar with a -3 spear.
Your cerulean imp disappears in a puff of smoke!
There is a stone staircase leading down here.
You climb downwards.
Level annotation: Terence Terence hits you with a +0 falchion of distortion.
Space warps around you.
There is a stone staircase leading up here.
As you read the scroll labelled OQUUHI GOEHUU, it crumbles to dust.
Your body is wracked with pain!
Terence convulses!
It was a scroll of torment.
Terence barely misses you.
Casting: Slow (safe; 10% risk of failure)
Confirm with . or Enter, or press ? or * to list all spells.
You blink.
Found a scroll labelled BIDAFYCUNA.
You feel stable enough to blink again.
You see here a scroll labelled BIDAFYCUNA.
Blink to where?
Press: ? - help, Dir - move target
As you read the scroll labelled BIDAFYCUNA, it crumbles to dust.
It was a scroll of blinking.
Terence barely misses you.
Casting: Blink (safe; 10% risk of failure)
Confirm with . or Enter, or press ? or * to list all spells.
A tiny devil pulls itself out of the air.
Terence hits you with a +0 falchion of distortion.
Space warps horribly around you!
Ouch! That really hurt!
You die...

#..........## #..#
............###.##.#
.............#..##.#
.............#..##.#
.............#.###.#
.>...........#.....####
.......................
ยง..>........##.@#..###
..5.............@.[##
.#######...........<# .##
#...........5.# ..###
#.##..........#
#...###.##........<.# .
###.................### #..
####..................#....
...........#....#.......#
###...........#.###.....#.#


You could see Terence (ally target) and a friendly cerulean imp (summoned).

Vanquished Creatures
  Robin (D:2)
  An adder (D:2)
  A worm (D:2)
  6 bats
  2 endoplasms
  8 giant cockroaches
  7 goblins
  5 hobgoblins
  7 jackals (D:1)
  5 quokkas
  A ball python (D:3)
  A frilled lizard (D:3)
  7 kobolds
  4 rats
56 creatures vanquished.

Vanquished Creatures (collateral kills)
  2 worms (D:2)
  An orc (D:3)
  2 bats
  An endoplasm (D:3)
  A giant cockroach (D:2)
  2 hobgoblins (D:2)
  A goblin (D:2)
10 creatures vanquished.

Grand Total: 66 creatures vanquished

Notes
Turn   | Place    | Note
-------+----------+-------------------------------------------
     0 | D:1      | promet the Deep Elf Hedge Wizard began the quest for the
                  | Orb.
     0 | D:1      | Reached XP level 1. HP: 10/10 MP: 7/7
   365 | D:1      | Reached XP level 2. HP: 9/15 MP: 9/9
   513 | D:1      | Reached skill level 5 in Spellcasting
   945 | D:1      | Learned a level 1 spell: Slow
   948 | D:1      | Learned a level 2 spell: Blink
   951 | D:1      | Learned a level 2 spell: Call Imp
  1460 | D:1      | Reached XP level 3. HP: 19/19 MP: 11/11
  2498 | D:2      | Noticed Robin
  3109 | D:2      | Reached XP level 4. HP: 24/24 MP: 8/13
  4376 | D:3      | Found a faded altar of an unknown god.
  4500 | D:3      | Noticed Terence
  4740 | D:2      | Killed Robin
  4815 | D:3      | Reached skill level 1 in Evocations
  4978 | D:3      | Noticed a phantom
  5091 | D:3      | Slain by Terence

Illustrated notes

Levels and vault maps discovered:
D:1:      evilmike_arrival_rings, layout_basic
D:2:      minmay_evil_eye, layout_basic, nicolae_wormholes, uniq_robin
D:3:      layout_rooms, pdpol_wu_jian_five_deadly_venoms,
          ebering_ecumenical_altar_sacrificial, uniq_ijyb, uniq_terence

Skill      XL: |  1  2  3  4 |
---------------+-------------+-----
Spellcasting   | 5 |  5.8
Dodging        | 3 |  3.0
Stealth        | 3 |  3.1
Conjurations   | 2 |  2.2
Evocations     | 1 |  1.0
Short Blades   | |  0.6
Summonings     | |  1.3
Translocations | |  1.1

Action                     |  1- 3 |  4- 6 || total
---------------------------+-------+-------++-------
  Melee: Dagger            |    79 |    20 ||    99
         Punch             |       |     1 ||     1
   Cast: Magic Dart        |    66 |    35 ||   101
         Call Imp          |     7 |    14 ||    21
         Slow              |     2 |     7 ||     9
         Blink             |       |     3 ||     3
    Use: Scroll            |     7 |     3 ||    10
   Stab: Sleeping          |     4 |     1 ||     5
         Distracted        |     1 |       ||     1
 Armour: Robe              |    21 |     8 ||    29
  Dodge: Dodged            |    60 |    24 ||    84

Table legend: (Time is in decaauts)
 A = Elapsed time spent in this place.
 B = Non-inter-level travel time spent in this place.
 C = Inter-level travel time spent in this place.
 D = Time resting spent in this place.
 E = Time spent auto-exploring this place.
 F = Levels seen in this place.
 G = Mean time per level.
                   A        B        C        D        E       F      G
               +--------+--------+--------+--------+--------+-----+--------+
         Total |   5097 |   4848 |    249 |   2314 |    314 |   3 | 1699.0 |
       Dungeon |   5097 |   4848 |    249 |   2314 |    314 |   3 | 1699.0 |
               +--------+--------+--------+--------+--------+-----+--------+

Top non-repeatable levels by time:
     D:2: 2591 daAuts
     D:1: 1953 daAuts
     D:3: 552 daAuts
